 Dungeon Crawl Stone Soup version 0.30.1-11-g7821555f0a (webtiles) character file.

Game seed: 15162808444855956774

21 Ketil the Conjurer (level 2, 0/22 HPs)
             Began as a Draconian Conjurer on Oct 29, 2023.
             Succumbed to an adder's poison
             ... on level 2 of the Dungeon.
             The game lasted 00:01:55 (399 turns).

Ketil the Conjurer (Draconian Conjurer)              Turns: 399, Time: 00:01:56

Health: 0/22       AC:  4    Str:  9    XL:     2   Next: 62%
Magic:  2/5        EV: 12    Int: 18    God:
Gold:   49         SH:  0    Dex:  9    Spells: 2/5 levels left

rFire   . . .        (no weapon)
rCold   . . .        (no shield)
rNeg    . . .        (body armour unavailable)
rPois   .            (helmet restricted)
rElec   .            (no cloak)
rCorr   .            (no gloves)
SInv    .            (no boots)
Will    .....        (no amulet)
Stlth   +            (no ring)
HPRegen 0.23/turn    (no ring)
MPRegen 0.09/turn

%: no passive effects
@: lethally poisoned (0 -> -3), silenced
A: AC +4, unfitting armour, cold-blooded
a: no special abilities


You were on level 2 of the Dungeon.
You visited 1 branch of the dungeon, and saw 2 of its levels.

You collected 49 gold pieces.

Inventory:

Scrolls
 b - a scroll of enchant weapon {unknown}


   Skills:
 * Level 0.5 Fighting
 * Level 1.9 Dodging
 * Level 2.0 Stealth
 * Level 2.0 Spellcasting
 * Level 4.5 Conjurations


You had 2 spell levels left.
You knew the following spells:

 Your Spells              Type           Power      Damage    Failure   Level
a - Magic Dart            Conj           72%        1d6       2%          1
b - Searing Ray           Conj           36%        2d5       4%          2

Your spell library contained the following spells:

 Spells                   Type           Power      Damage    Failure   Level
 Dazzling Flash           Conj/Hex       18%        N/A       22%         3
 Fulminant Prism          Conj/Hex       4%         3d5       56%         4
 Iskenderun's Mystic Bla  Conj/Tloc      9%         2d4       56%         4


Dungeon Overview and Level Annotations

Branches:
Dungeon (2/15)

Altars:


Innate Abilities, Weirdness & Mutations

Your plain brown scales are hard. (AC +4)
You cannot fit into any form of body armour.
You are cold-blooded and may be slowed by cold attacks.


Message History

You feel as though you will be slow longer.
The endoplasm misses you.
Found a scroll labelled EGRAUFR RONEM.
A bat comes into view.
The rat bites you but does no damage. The rat closely misses you.
The endoplasm hits you but does no damage.
The endoplasm attacks as you move away! The endoplasm closely misses you.
The bat hits you but does no damage. The rat bites you but does no damage.
The endoplasm hits you but does no damage.
The bat hits you.
* * * LOW HITPOINT WARNING * * *
The rat attacks as you move away! The rat closely misses you.
The bat hits you but does no damage. The endoplasm attacks as you move away!
The endoplasm misses you.
You feel yourself speed up. The bat misses you.
The rat bites you but does no damage.
The endoplasm hits you but does no damage.
The rat attacks as you move away! The rat barely misses you.
The bat hits you but does no damage. x2
Found 13 gold pieces.
The dart slug launches a dart at you. The slug dart misses you.
The rat attacks as you move away! The rat barely misses you.
The bat attacks as you move away! The bat barely misses you. x2
An adder comes into view.
You see here 13 gold pieces.
You now have 49 gold pieces (gained 13).
The rat closely misses you.
A ball python comes into view.
An endoplasm comes into view.
The rat attacks as you move away! The rat bites you.
* * * LOW HITPOINT WARNING * * *
The endoplasm quivers.
The adder barely misses you. The adder misses you.
The adder attacks as you move away! The adder bites you.
* * * LOW HITPOINT WARNING * * *
You are lethally poisoned!
The adder poisons you!
You die...

##...## ##.....##
##.......# ####........#
#...........#
#<####......###### ##.#
#.......J.b..# ###..#
#......w####b####.. ..†.##
#........@.Sr.....#
.#######.....?#####.######
.# #....#...## #.#
.###..####### #S# .....#
#.# ###### .J. ... .. ...#


You could see an adder, a dart slug, a bat and a rat.

Vanquished Creatures
  An adder (D:2)
  A dart slug (D:1)
  A ball python (D:2)
  A hobgoblin (D:1)
  2 jackals (D:1)
  A frilled lizard (D:1)
  3 kobolds (D:1)
  A rat (D:1)
11 creatures vanquished.

Notes
Turn   | Place    | Note
-------+----------+-------------------------------------------
     0 | D:1      | Ketil the Draconian Conjurer began the quest for the Orb.
     0 | D:1      | Reached XP level 1. HP: 14/14 MP: 3/3
   245 | D:1      | Reached XP level 2. HP: 22/22 MP: 1/5
   271 | D:1      | Learned a level 2 spell: Searing Ray
   381 | D:2      | HP: 1/22 [frozen (5)]
   399 | D:2      | HP: 1/22 [adder (2)]
   399 | D:2      | Succumbed to an adder's poison

Illustrated notes

Levels and vault maps discovered:
D:1:      dpeg_arrival_radiant, layout_rooms, grunt_decor_mini_mirrors,
          st_stairs_11, minmay_misc_feat_square, minmay_tetromino_s4
D:2:      layout_rooms

Skill      XL: |  1  2 |
---------------+-------+-----
Stealth        | 2 |  2.0
Fighting       | |  0.5
Dodging        | |  1.9
Spellcasting   | |  2.0
Conjurations   | |  4.5

Action                     || total
---------------------------++-------
   Cast: Magic Dart        ||    21
         Searing Ray       ||     1
    Use: Potion            ||     1
         Scroll            ||     1
 Armour: Skin              ||    18
  Dodge: Dodged            ||    31
